cohdb
Replays
Latest Replays
All Replays
Popular Replays
Top Player Replays
Match Explorer
How It Works
Community
CoH3 Stats
Reddit
Sign in to upload your games and track your stats! →
Sign in with Steam
Match 45185851
Unlisted
Match 45185851
Overview
Messages
Build Orders
End
Pioneer Squad
Selects Luftwaffe Battlegroup
Selects Luftwaffe Pioneer Support
Fallschirmpioneer Squad Paradrop
Construct Infanterie Kompanie
MG 42 Machine Gun Team
Fallschirmpioneer Squad Paradrop
Construct Luftwaffe Kompanie
221 Scout Car
Jäger Squad
Medical Bunker
Selects Flak 38 Anti-Air Emplacement
Jäger Squad
Support Elements
Wirbelwind Flakpanzer
Luftwaffe Officer Quarters
Selects Infantry Reserves
Wirbelwind Flakpanzer
Selects Stuka Strafing Run
Jäger Squad
Selects Fallschirmjäger Squad Paradrop
Construct Panzer Kompanie
Selects Stuka Loiter
Stuka Loiter
Panzer IV Medium Tank
Panzer Officer Quarters
T.R. Olvadi
Makros
aSIIDemolitionHammer
4-in-1 Petrol lawnmower
0
0
Comments
sign in to comment!
No comments posted yet!